[Event "Titled Tuesday Blitz January 17 Early 2023"]
[White "Dwilewicz, Katarzyna"]
[Black "Agasarov, Benik"]
[WhiteFideId "1148486"]
[BlackFideId "13314823"]
[WhiteElo "2115"]
[BlackElo "2235"]
[Result "1-0"]
[Round "01"]
[TimeControl "180+2"]
[Date "2023.01.17"]
[WhiteClock "0:00:16"]
[BlackClock "0:00:03"]

1. e4 c5 2. Nf3 d6 3. d4 cxd4 4. Nxd4 Nf6 5. Nc3 a6 6. h3 e5 7. Nde2 h5 8. Bg5 Be6 9. Bxf6 Qxf6 10. Nd5 Qd8 11. Qd3 Nd7 12. O-O-O Nc5 13. Qf3 Bxd5 14. Rxd5 Qa5 15. Nc3 Be7 16. Kb1 Rc8 17. Be2 Qb4 18. a3 Qb6 19. Rd2 Bg5 20. Nd5 Qc6 21. Rdd1 Ne6 22. c3 h4 23. g3 g6 24. Ka2 b5 25. Nb4 Qb6 26. Nd5 Qb7 27. Qg4 O-O 28. f4 exf4 29. gxf4 Bd8 30. f5 Ng7 31. fxg6 fxg6 32. Qxg6 Qf7 33. Rhg1 Qxg6 34. Rxg6 Kh7 35. Rdg1 Rf7 36. Rxd6 Be7 37. Rd7 Re8 38. Bd3 Kh8 39. Rg4 Kg8 40. Nxe7+ Rexe7 41. Rxe7 Rxe7 42. Rxh4 Kf8 43. Rh6 Ne6 44. Rf6+ Kg7 45. Rf5 Rd7 46. Bc2 Rd2 47. Bb3 Nd8 48. Bd5 Rh2 49. Rg5+ Kf6 50. Rf5+ Ke7 51. Rf3 Kd6 52. Kb3 a5 53. c4 bxc4+ 54. Bxc4 Nc6 55. Rd3+ Kc5 56. Rd5+ Kb6 57. Rb5+ Kc7 58. Rh5 Nd4+ 59. Kc3 Nc6 60. b4 axb4+ 61. axb4 Kb6 62. Rb5+ Kc7 63. Rh5 Kb6 64. b5 Na5 65. Rh6+ Kc5 66. Rh5+ Kb6 67. Bd3 Ra2 68. Kd4 Nb3+ 69. Ke3 Nc5 70. Rh6+ Ka5 71. e5 Ra3 72. Rd6 Ra1 73. e6 Re1+ 74. Be2 Rg1 75. e7 Rg8 76. Rd8 Rg7 77. e8=Q Nb7 78. Ra8+ Kb4 79. Qe4+ Kc5 80. Rc8+ Kb6 81. Qd4+ Ka5 82. Ra8# 1-0


[Site "https://www.chess.com"]

[Event "Titled Tuesday Blitz January 17 Early 2023"]
[White "Arabidze, Meri"]
[Black "Gutkin, Ilya"]
[WhiteFideId "13604040"]
[BlackFideId "16203470"]
[WhiteElo "2441"]
[BlackElo "2273"]
[Result "0-1"]
[Round "01"]
[TimeControl "180+2"]
[Date "2023.01.17"]
[WhiteClock "0:00:19"]
[BlackClock "0:00:07"]

1. Nf3 c5 2. b3 d6 3. Bb2 e5 4. c4 Nc6 5. g3 Nge7 6. Bg2 g6 7. d3 Bg7 8. Nc3 O-O 9. Nd2 Be6 10. Nf1 d5 11. cxd5 Nxd5 12. Ne3 Nxc3 13. Bxc3 Qe7 14. O-O Rfd8 15. Rc1 Rac8 16. Nc4 Bd5 17. Bxd5 Rxd5 18. a4 b6 19. Qc2 Nd4 20. Bxd4 exd4 21. Rce1 Qd7 22. Qc1 Rh5 23. Qf4 Qh3 24. g4 Rh4 25. f3 h5 26. Qg3 hxg4 27. Qxh3 gxh3 28. Kf2 Rd8 29. Rg1 Bf6 30. Rg4 Rxg4 31. fxg4 Bh4+ 32. Kf1 Bxe1 33. Kxe1 f6 34. Kf2 Kf7 35. Kg3 Rh8 36. Nd6+ Ke6 37. Nb5 Rh7 38. Kf4 Kd5 39. Na3 Re7 40. Kf3 a6 41. Nc4 b5 42. axb5 axb5 43. Nd2 f5 44. g5 Ra7 45. Kf2 Ke5 46. Kg3 f4+ 47. Kg4 Ra2 48. Nf3+ Kd5 49. Nh4 Rxe2 50. Nxg6 Rxh2 51. Nxf4+ Kd6 52. Nxh3 Rxh3 53. Kxh3 c4 54. g6 Ke6 55. dxc4 d3 56. cxb5 d2 57. b6 d1=Q 58. b7 Qh1+ 59. Kg4 Qxb7 60. Kg5 Qxb3 61. Kh6 Kf6 62. Kh7 Qb7+ 63. Kh6 Qg7+ 64. Kh5 Qxg6+ 65. Kh4 Kf5 0-1


[Site "https://www.chess.com"]

[Event "Titled Tuesday Blitz January 17 Early 2023"]
[White "Topalov, Aleksandar"]
[Black "Tristan, Leonardo"]
[WhiteFideId "925659"]
[BlackFideId "113816"]
[WhiteElo "2233"]
[BlackElo "2545"]
[Result "0-1"]
[Round "01"]
[TimeControl "180+2"]
[Date "2023.01.17"]
[WhiteClock "0:00:28"]
[BlackClock "0:01:34"]

1. b3 d5 2. Bb2 Bf5 3. Nf3 e6 4. g3 Nf6 5. Bg2 Be7 6. O-O O-O 7. d3 h6 8. Nbd2 Bh7 9. c4 c6 10. a3 a5 11. Ra2 Nbd7 12. Qa1 Qb6 13. Rb1 Rfd8 14. Bc3 c5 15. cxd5 exd5 16. Ne5 Nxe5 17. Bxe5 Qe6 18. Nf3 b5 19. Rc1 Rac8 20. a4 b4 21. h3 Bf5 22. g4 Bg6 23. Nh4 Bh7 24. Nf3 Ne8 25. Rac2 h5 26. g5 Bf5 27. h4 Bg4 28. Qb2 Kh7 29. e4 dxe4 30. dxe4 Rd3 31. Ne1 Rxb3 32. Qa1 Ra3 33. Qb2 c4 0-1


[Site "https://www.chess.com"]

[Event "Titled Tuesday Blitz January 17 Early 2023"]
[White "Starozhilov, Leonid"]
[Black "Liu, Casper"]
[WhiteFideId "14106752"]
[BlackFideId "1454153"]
[WhiteElo "2313"]
[BlackElo "2278"]
[Result "1-0"]
[Round "01"]
[TimeControl "180+2"]
[Date "2023.01.17"]
[WhiteClock "0:00:05"]
[BlackClock "0:00:04"]

1. e4 e5 2. Nf3 Nc6 3. Bc4 Bc5 4. d3 Nf6 5. Nc3 O-O 6. Be3 Bb6 7. h3 d6 8. O-O Na5 9. Bb3 c6 10. d4 exd4 11. Bxd4 Re8 12. Re1 Nxb3 13. axb3 Be6 14. Bxf6 Qxf6 15. Qxd6 Rad8 16. Qg3 Rd7 17. Rad1 Bc7 18. Qg5 Bd8 19. Qxf6 Bxf6 20. Rxd7 Bxd7 21. Rd1 Be6 22. Nd4 Bc8 23. f3 g6 24. Nde2 Be5 25. Kf2 Kg7 26. g4 f5 27. gxf5 gxf5 28. h4 fxe4 29. fxe4 Bg4 30. Rg1 Rf8+ 31. Ke3 h5 32. Nd4 Bf4+ 33. Kd3 Rd8 34. Ne2 Be5 35. Ke3 Kh7 36. c3 Rf8 37. Nf5 Bxf5 38. exf5 Rxf5 39. Ke4 Rf2 40. Ke3 Rh2 41. Rg5 Bf6 42. Rxh5+ Kg6 43. Ra5 Rh3+ 44. Kd2 Rxh4 45. Rxa7 b5 46. Rc7 Rh2 47. Rxc6 Kf5 48. Rc5+ Ke4 49. Rxb5 Bg5+ 50. Ke1 Be3 51. Ng3+ Kd3 52. Rd5+ Kc2 53. Kf1 Rf2+ 54. Ke1 Rh2 55. Ne4 Kxb2 56. Rd3 Bf4 57. b4 Kb3 58. Rf3 Be5 59. Kf1 Kc4 60. Rf2 Rh1+ 61. Kg2 Re1 62. Ng5 Bxc3 63. b5 Bd4 64. Rf5 Bc5 65. Nf3 Re2+ 66. Kg3 Kxb5 67. Nd4+ Kc4 68. Nxe2 1-0


[Site "https://www.chess.com"]

[Event "Titled Tuesday Blitz January 17 Early 2023"]
[White "Lorenzo De La Riva, Lazaro"]
[Black "Djokic, Mihailo"]
[WhiteFideId "2268809"]
[BlackFideId "976440"]
[WhiteElo "2404"]
[BlackElo "2192"]
[Result "0-1"]
[Round "01"]
[TimeControl "180+2"]
[Date "2023.01.17"]
[WhiteClock "0:00:02"]
[BlackClock "0:00:11"]

1. e4 c5 2. Nf3 d6 3. d4 cxd4 4. Nxd4 Nf6 5. Nc3 g6 6. Be3 Bg7 7. f3 O-O 8. Qd2 Nc6 9. O-O-O Bd7 10. h4 Ne5 11. h5 Nxh5 12. Bh6 Rc8 13. Bxg7 Kxg7 14. g4 Nxg4 15. fxg4 Bxg4 16. Be2 Bxe2 17. Ndxe2 Qa5 18. Kb1 Qe5 19. Qe3 Rc5 20. Rdg1 Rfc8 21. Rg2 b5 22. Nc1 Rxc3 23. bxc3 Rxc3 24. Qg5 Nf6 25. Qxe5 dxe5 26. Nd3 Nxe4 27. Nxe5 Rc5 28. Nd3 Rf5 29. Kb2 Nd6 30. Rgh2 h5 31. Re2 Nc4+ 32. Kb3 e6 33. a4 Na5+ 34. Kb4 Nc6+ 35. Ka3 b4+ 36. Kb2 a5 37. Rhe1 h4 38. Ne5 Nd4 39. Re3 g5 40. Ng4 Rf4 41. Nh2 Rf2 42. Ng4 Rxc2+ 43. Kb1 Rg2 44. Ne5 Nc2 45. R3e2 Nxe1 46. Rxe1 h3 47. Nf3 g4 48. Nd4 h2 0-1


[Site "https://www.chess.com"]

[Event "Titled Tuesday Blitz January 17 Early 2023"]
[White "Koellner, Ruben Gideon"]
[Black "Wilson, Elvin"]
[WhiteFideId "12993093"]
[BlackFideId "2014874"]
[WhiteElo "2426"]
[BlackElo "2183"]
[Result "1-0"]
[Round "01"]
[TimeControl "180+2"]
[Date "2023.01.17"]
[WhiteClock "0:00:08"]
[BlackClock "0:00:02"]

1. d4 Nf6 2. Bg5 e6 3. Nd2 d5 4. e3 Be7 5. Bd3 b6 6. Ngf3 Bb7 7. Ne5 Nbd7 8. f4 Nxe5 9. fxe5 Ne4 10. Bxe7 Qxe7 11. Nxe4 dxe4 12. Bb5+ c6 13. Be2 Qg5 14. Qd2 O-O-O 15. O-O c5 16. c3 Rd7 17. Bb5 Rc7 18. Rf4 f5 19. exf6 gxf6 20. Qf2 f5 21. Qh4 h6 22. Raf1 Rg8 23. g3 cxd4 24. cxd4 Bd5 25. b3 Kb8 26. Ba6 Rc3 27. Re1 Rg7 28. Qxg5 hxg5 29. Rf2 g4 30. Rd2 Rgc7 31. Kg2 R7c6 32. Bb5 Rc7 33. Ba6 R7c6 34. Ree2 Rc1 35. Rf2 Kc7 36. Rf1 Kd6 37. Bb5 Rxf1 38. Kxf1 Rc3 39. Kf2 a5 40. Bf1 Kc7 41. Be2 Kc6 42. Bd1 b5 43. Rc2 Rxc2+ 44. Bxc2 b4 45. Bd1 a4 46. Ke1 Kb6 47. Kf2 Ka5 48. Kg2 a3 49. h4 gxh3+ 50. Kxh3 Kb6 51. g4 fxg4+ 52. Kxg4 Kc6 53. Kf4 Kd6 54. Bc2 1-0


[Site "https://www.chess.com"]

[Event "Titled Tuesday Blitz January 17 Early 2023"]
[White "Luong Phuong Hanh"]
[Black "Mirzoev, Azer"]
[WhiteFideId "12401013"]
[BlackFideId "13400304"]
[WhiteElo "2029"]
[BlackElo "2416"]
[Result "1-0"]
[Round "01"]
[TimeControl "180+2"]
[Date "2023.01.17"]
[WhiteClock "0:00:14"]
[BlackClock "0:00:02"]

1. d4 d5 2. c4 e6 3. Nf3 c6 4. Qc2 f5 5. g3 Nf6 6. Bg2 Bb4+ 7. Bd2 Bd6 8. O-O O-O 9. b3 Ne4 10. Nc3 Nxd2 11. Nxd2 Nd7 12. c5 Bc7 13. b4 f4 14. e4 fxe3 15. fxe3 e5 16. Rxf8+ Nxf8 17. Rf1 Qg5 18. Nd1 Bg4 19. Nf3 Qh5 20. e4 exd4 21. Nxd4 Be5 22. Nf5 d4 23. Nf2 Rd8 24. Nxg4 Qxg4 25. Qc4+ Kh8 26. Qf7 Qg5 27. Ne7 Ng6 28. Nxg6+ hxg6 29. Qxb7 d3 30. Qxc6 d2 31. Qa4 Qe3+ 32. Kh1 Qe1 33. Qd1 Qe3 34. Qf3 Qd4 35. Rd1 Qxb4 36. Qg4 Qa4 37. Bf3 Rd3 38. Be2 Rd4 39. Qxg6 1-0


[Site "https://www.chess.com"]

[Event "Titled Tuesday Blitz January 17 Early 2023"]
[White "Alex_Sahakyan2006"]
[Black "Bove, Alessandro"]
[BlackFideId "814121"]
[WhiteElo "2675"]
[BlackElo "2311"]
[Result "1-0"]
[Round "01"]
[TimeControl "180+2"]
[Date "2023.01.17"]
[WhiteClock "0:01:30"]
[BlackClock "0:01:05"]

1. g3 c6 2. Bg2 Nf6 3. c4 g6 4. e4 d6 5. d4 Bg7 6. Nc3 O-O 7. Nge2 e5 8. O-O Qe7 9. d5 Nbd7 10. h3 a6 11. Be3 h6 12. Qd2 Kh7 13. dxc6 bxc6 14. Rad1 Ne8 15. b3 Nc5 16. f4 f5 17. fxe5 dxe5 18. exf5 gxf5 19. Bxc6 Rb8 20. Bg2 Be6 21. Nd5 Bxd5 22. Qxd5 Ne6 23. Qd7 Qf6 24. Be4 Rd8 25. Rxf5 Rxd7 26. Rxf6+ Kg8 27. Rxf8+ Nxf8 28. Rxd7 Nxd7 29. c5 Kf8 30. c6 Ndf6 31. Bf5 Ke7 32. Bc5+ Kd8 33. Bb6+ Ke7 34. c7 Nxc7 35. Bxc7 Nd5 36. Ba5 Ne3 37. Bd3 Nd5 38. Bxa6 1-0


[Site "https://www.chess.com"]

[Event "Titled Tuesday Blitz January 17 Early 2023"]
[White "Jiganchine, Roman"]
[Black "Weetik, Vjacheslav"]
[WhiteFideId "2603667"]
[BlackFideId "4153472"]
[WhiteElo "2205"]
[BlackElo "2423"]
[Result "0-1"]
[Round "01"]
[TimeControl "180+2"]
[Date "2023.01.17"]
[WhiteClock "0:00:03"]
[BlackClock "0:00:05"]

1. e4 c6 2. d4 d5 3. exd5 cxd5 4. Nf3 Bg4 5. c3 Nc6 6. Qb3 Qc7 7. Qxd5 Nf6 8. Qg5 Bxf3 9. gxf3 O-O-O 10. Na3 e5 11. Nb5 Qe7 12. Bh3+ Kb8 13. Qg3 a6 14. a4 Nh5 15. Qg4 g6 16. O-O axb5 17. axb5 Nxd4 18. cxd4 f5 19. Qg5 Rxd4 20. Qxe7 Bxe7 21. Be3 Nf4 22. Bg2 Bc5 23. Kh1 Rhd8 24. Rfc1 Bb6 25. Bxd4 exd4 26. Bf1 d3 27. Rd1 Bxf2 28. b3 Be3 29. b4 d2 30. Ra3 Bb6 31. Ra2 Be3 32. Ra3 Re8 33. Ra2 Kc7 34. Rc2+ Kb6 35. Rc3 Re5 36. Rxe3 Rxe3 37. Rxd2 Rxf3 38. Bg2 Rb3 39. Rd6+ Kxb5 40. h4 b6 41. Rd7 Rxb4 42. Rxh7 Nxg2 43. Kxg2 Rg4+ 44. Kf2 Kb4 45. h5 gxh5 46. Rxh5 Re4 47. Rxf5 b5 48. Kf3 Re8 49. Rd5 Kc4 50. Rd7 b4 51. Rd1 b3 0-1


[Site "https://www.chess.com"]

[Event "Titled Tuesday Blitz January 17 Early 2023"]
[White "Sadubayev, Airat"]
[Black "Melikhov, Evgeny V."]
[WhiteFideId "13713264"]
[BlackFideId "4122046"]
[WhiteElo "2320"]
[BlackElo "2269"]
[Result "1/2-1/2"]
[Round "01"]
[TimeControl "180+2"]
[Date "2023.01.17"]
[WhiteClock "0:00:05"]
[BlackClock "0:00:05"]

1. d4 Nf6 2. c4 e6 3. Nf3 d5 4. g3 dxc4 5. Bg2 Nc6 6. Qa4 Bb4+ 7. Bd2 Bd6 8. Qxc4 O-O 9. O-O e5 10. Nc3 exd4 11. Nb5 Be6 12. Qd3 Bc5 13. Rac1 Bb6 14. Qb1 a6 15. Na3 Qd5 16. Nc4 Qh5 17. Nxb6 cxb6 18. Rfe1 Bf5 19. Qa1 d3 20. Bc3 dxe2 21. Bxf6 gxf6 22. Rxe2 Ne5 23. Re3 Bg4 24. Nxe5 fxe5 25. b3 Rae8 26. Rce1 f6 27. Bxb7 a5 28. Qc3 Re7 29. Bd5+ Kg7 30. Qc6 Rd8 31. Bg2 Bh3 32. Bf3 Bg4 33. Bxg4 Qxg4 34. Qxb6 Rd2 35. Qxa5 Qd4 36. Qc3 Qxc3 37. Rxc3 Rxa2 38. Rb1 Rb7 39. b4 Rb5 40. h4 Ra4 41. Rc4 Kf7 42. Kg2 Ke6 43. h5 Kd5 44. Rg4 f5 45. Rg7 Rbxb4 46. Rxb4 Rxb4 47. Rxh7 Ke6 48. Rh6+ Kf7 49. Rc6 Kg7 50. Kh3 Ra4 51. f3 Rb4 52. g4 e4 53. g5 exf3 54. Rc7+ Kg8 55. g6 Rg4 56. Rc5 Rg5 57. Kh4 Rg4+ 58. Kh3 Rg5 59. Rc8+ Kg7 60. Rc7+ Kg8 61. Kh4 Rg4+ 62. Kh3 Rg5 63. Rc3 Rxh5+ 64. Kg3 Rg5+ 65. Kf4 Rxg6 66. Rxf3 Rg7 67. Kxf5 Rf7+ 68. Ke4 Rxf3 69. Kxf3 1/2-1/2


[Site "https://www.chess.com"]

[Event "Titled Tuesday Blitz January 17 Early 2023"]
[White "Fernandez Siles, Luis"]
[Black "Msellek, Ilyass"]
[WhiteFideId "2209420"]
[BlackFideId "675938"]
[WhiteElo "2218"]
[BlackElo "2420"]
[Result "1/2-1/2"]
[Round "01"]
[TimeControl "180+2"]
[Date "2023.01.17"]
[WhiteClock "0:00:20"]
[BlackClock "0:00:08"]

1. d4 d5 2. c4 c6 3. Nc3 Nf6 4. cxd5 cxd5 5. Bf4 a6 6. e3 Nc6 7. Bd3 Bg4 8. Nge2 e6 9. O-O Bd6 10. f3 Bh5 11. a3 O-O 12. Rc1 Bg6 13. Bxd6 Qxd6 14. Bxg6 hxg6 15. f4 b5 16. Nb1 Rfc8 17. Nd2 Na5 18. Nf3 Nc4 19. Qb3 Ne4 20. Rfd1 Na5 21. Qd3 Nc4 22. Qb3 Rab8 23. Ne5 Na5 24. Qd3 f6 25. Nxg6 Kf7 26. Nh4 Nc4 27. Rc2 b4 28. axb4 Qxb4 29. f5 exf5 30. Nxf5 Nxb2 31. Rxb2 Qxb2 32. Qxa6 Rc2 33. Nd6+ Nxd6 34. Qxd6 Qb5 35. Nf4 Rb2 36. Qe6+ Kf8 37. Qd6+ Kg8 38. Qe6+ Kh7 39. Qf5+ Kg8 40. Qe6+ Kh8 41. Qh3+ Kg8 42. Qe6+ 1/2-1/2


[Site "https://www.chess.com"]

[Event "Titled Tuesday Blitz January 17 Early 2023"]
[White "Papasimakopoulos, Alexandros"]
[Black "Rian, Kapriaga"]
[WhiteFideId "4244125"]
[BlackFideId "7103263"]
[WhiteElo "2401"]
[BlackElo "2089"]
[Result "1-0"]
[Round "01"]
[TimeControl "180+2"]
[Date "2023.01.17"]
[WhiteClock "0:00:26"]
[BlackClock "0:00:13"]

1. d4 Nf6 2. c4 e6 3. Nc3 d5 4. cxd5 exd5 5. Bg5 c6 6. e3 Be7 7. Bd3 O-O 8. Qc2 h6 9. Bh4 Re8 10. Nf3 Ne4 11. Bxe7 Qxe7 12. Bxe4 dxe4 13. Nd2 Bf5 14. O-O Bg6 15. Ne2 Nd7 16. b4 Qg5 17. Nf4 Bf5 18. Rab1 a6 19. a4 Rac8 20. Rfc1 Nf6 21. Nc4 Rcd8 22. b5 axb5 23. axb5 Nd5 24. bxc6 bxc6 25. Qd2 Nxf4 26. exf4 Qf6 27. Ne3 Rxd4 28. Qc3 Red8 29. Qxc6 Be6 30. g3 g6 31. Rb5 h5 32. f5 Bd7 33. Qxf6 Bxb5 34. fxg6 fxg6 35. Qxg6+ Kf8 36. Qf5+ 1-0


[Site "https://www.chess.com"]

[Event "Titled Tuesday Blitz January 17 Early 2023"]
[White "Haraguchi, Diego Sashaki"]
[Black "Bobkov, Vadim"]
[WhiteFideId "22729925"]
[BlackFideId "34110876"]
[WhiteElo "2015"]
[BlackElo "2249"]
[Result "1-0"]
[Round "01"]
[TimeControl "180+2"]
[Date "2023.01.17"]
[WhiteClock "0:00:20"]
[BlackClock "0:00:01"]

1. d4 Nf6 2. c4 c5 3. Nf3 e6 4. g3 b6 5. Bg2 Bb7 6. d5 exd5 7. Nh4 d6 8. O-O g6 9. Nc3 Bg7 10. Bg5 Qc8 11. Bxf6 Bxf6 12. Nxd5 Bxb2 13. Qb3 Bg7 14. Qe3+ Kf8 15. Qe7+ Kg8 16. Qxd6 Nc6 17. Rad1 h6 18. Nc7 Be5 19. Qd7 Qxc7 20. Qxc7 Bxc7 21. Rd7 Rc8 22. Bd5 Ne5 23. Bxb7 Nxd7 24. Bxc8 Ne5 25. Ba6 Kg7 26. f4 Ng4 27. Rd1 Rd8 28. Rxd8 Bxd8 29. Nf3 Bf6 30. e4 Bc3 31. Kf1 f6 32. Ke2 h5 33. h3 Nh6 34. Kd3 Bb2 35. a4 1-0


[Site "https://www.chess.com"]

[Event "Titled Tuesday Blitz January 17 Early 2023"]
[White "Vlassov, Nikolai"]
[Black "Levitan, Caleb Levi"]
[WhiteFideId "4103360"]
[BlackFideId "14332620"]
[WhiteElo "2283"]
[BlackElo "2129"]
[Result "1-0"]
[Round "01"]
[TimeControl "180+2"]
[Date "2023.01.17"]
[WhiteClock "0:00:23"]
[BlackClock "0:00:03"]

1. e4 c5 2. c3 Nf6 3. e5 Nd5 4. d4 cxd4 5. cxd4 d6 6. Bc4 Nb6 7. Bb3 dxe5 8. Qh5 e6 9. dxe5 Bb4+ 10. Nc3 Qc7 11. Ne2 Nc6 12. Bf4 O-O 13. h4 Nd4 14. O-O Nxb3 15. axb3 Nd5 16. Nxd5 exd5 17. Nd4 Be6 18. Rac1 Qd7 19. Qg5 Rac8 20. h5 Be7 21. Qg3 f6 22. exf6 Bxf6 23. Be5 Rxc1 24. Rxc1 Bxe5 25. Qxe5 Bf7 26. h6 Qg4 27. Nf5 Re8 28. Qxg7+ Qxg7 29. hxg7 Re2 30. Rc7 Be8 31. Nh6# 1-0


[Site "https://www.chess.com"]

[Event "Titled Tuesday Blitz January 17 Early 2023"]
[White "Carrasco Miranda, Andres"]
[Black "Bocharov, Dmitry"]
[WhiteFideId "3405990"]
[BlackFideId "4138716"]
[WhiteElo "2240"]
[BlackElo "2516"]
[Result "0-1"]
[Round "01"]
[TimeControl "180+2"]
[Date "2023.01.17"]
[WhiteClock "0:00:42"]
[BlackClock "0:01:03"]

1. d4 Nf6 2. c4 e6 3. g3 d5 4. Bg2 dxc4 5. Nf3 c6 6. Ne5 Bb4+ 7. Bd2 Be7 8. e3 b5 9. Nxc6 Nxc6 10. Bxc6+ Bd7 11. Bg2 O-O 12. O-O Rc8 13. a3 Bc6 14. Bxc6 Rxc6 15. Nc3 a6 16. Qf3 Qd7 17. Rad1 Rb8 18. Bc1 Rd6 19. e4 Rxd4 20. e5 Rxd1 21. Rxd1 Nd5 22. Nxd5 exd5 23. Rxd5 Qe6 24. Qe4 h5 25. f4 Rd8 26. Rxd8+ Bxd8 27. Be3 g6 28. Kg2 Be7 29. Bd4 Qg4 30. Qa8+ Kg7 31. Qd5 Qe2+ 32. Kg1 Qd1+ 33. Kg2 Qe2+ 34. Kg1 h4 35. e6+ Kh7 36. exf7 h3 37. Bf2 Bc5 0-1


[Site "https://www.chess.com"]

[Event "Titled Tuesday Blitz January 17 Early 2023"]
[White "Belozerov, Andrei"]
[Black "Ruiz Aguilar, Pablo Alexander"]
[WhiteFideId "4120213"]
[BlackFideId "4401352"]
[WhiteElo "2461"]
[BlackElo "2161"]
[Result "1-0"]
[Round "01"]
[TimeControl "180+2"]
[Date "2023.01.17"]
[WhiteClock "0:00:17"]
[BlackClock "0:00:05"]

1. e4 c5 2. Nf3 e6 3. g3 Nc6 4. Bg2 g6 5. d4 cxd4 6. Nxd4 a6 7. O-O Bg7 8. Be3 Nge7 9. c4 d6 10. Nc3 O-O 11. Qd2 Re8 12. Rfd1 Ne5 13. Qe2 Qc7 14. b3 b5 15. f4 bxc4 16. fxe5 dxe5 17. Nf3 cxb3 18. Rac1 Qb7 19. Rb1 Bd7 20. Rxb3 Qc8 21. Rc1 Nc6 22. Na4 Rb8 23. Nb6 Qb7 24. Nxd7 Qxd7 25. Qxa6 Nd4 26. Rd1 Rxb3 27. axb3 Qc7 28. Bxd4 exd4 29. Qc4 Qb6 30. e5 Rd8 31. h4 h5 32. Kh2 d3 33. Rxd3 Rxd3 34. Qxd3 Qf2 35. Qd2 Qb6 36. Qc2 Bf8 37. Bf1 Bc5 38. Kg2 Be3 39. Bd3 Kg7 40. Qe2 Bc5 41. Bc4 Qb4 42. Qd2 Qa3 43. Qf4 Qa1 44. Qf6+ Kg8 45. Bxe6 fxe6 46. Qxg6+ Kf8 47. Qf6+ Kg8 48. Qxe6+ Kf8 49. Qc8+ Kf7 50. Qxc5 Qb2+ 51. Qf2 1-0


[Site "https://www.chess.com"]

[Event "Titled Tuesday Blitz January 17 Early 2023"]
[White "Kaminski, Victor"]
[Black "Volkov, Maksim"]
[WhiteFideId "1131630"]
[BlackFideId "54123070"]
[WhiteElo "2247"]
[BlackElo "2258"]
[Result "0-1"]
[Round "01"]
[TimeControl "180+2"]
[Date "2023.01.17"]
[WhiteClock "0:00:03"]
[BlackClock "0:00:22"]

1. d4 d5 2. c4 e6 3. Nf3 Nf6 4. Nc3 c6 5. Bg5 h6 6. Bxf6 Qxf6 7. e3 Nd7 8. Be2 g6 9. O-O Bg7 10. Rc1 O-O 11. b4 Qe7 12. Qb3 dxc4 13. Bxc4 e5 14. d5 Nb6 15. dxc6 bxc6 16. Ne4 Bg4 17. Be2 Be6 18. Qc2 Bd5 19. a3 Rac8 20. Nfd2 f5 21. Nc5 e4 22. Nc4 f4 23. Bg4 Nxc4 24. Bxc8 Rxc8 25. Nxe4 Qxe4 26. Qxe4 Bxe4 27. Rxc4 Bd3 28. Rxf4 Bxf1 29. Kxf1 Rd8 30. Rc4 Rd1+ 31. Ke2 Ra1 32. Rxc6 Rxa3 33. Rxg6 Kf7 34. Rg4 Be5 35. Re4 Bd6 36. Rd4 Ke6 37. Rh4 Bf8 38. Rf4 Be7 39. Re4+ Kd6 40. f4 Rb3 41. f5 Kd7 42. Re6 h5 43. Ra6 Rxb4 44. Rxa7+ Ke8 45. Kf3 Kf7 46. g3 Kf6 47. e4 Rb3+ 48. Ke2 Bd6 49. Ra5 Rb2+ 50. Kf3 Rxh2 51. Ra6 Ke7 52. e5 Bb4 53. Ra7+ Kd8 54. f6 Rh1 55. e6 Rf1+ 56. Ke4 Rxf6 57. Ke5 Rf1 58. Ra8+ Ke7 59. Ra7+ Kf8 60. Rf7+ Rxf7 61. exf7 Kxf7 62. Kf5 Bd2 63. Ke4 Kf6 0-1


[Site "https://www.chess.com"]

[Event "Titled Tuesday Blitz January 17 Early 2023"]
[White "Pfreundt, Jakob"]
[Black "Sargissyan, Sargis"]
[WhiteFideId "12918156"]
[BlackFideId "13303210"]
[WhiteElo "2407"]
[BlackElo "2234"]
[Result "0-1"]
[Round "01"]
[TimeControl "180+2"]
[Date "2023.01.17"]
[WhiteClock "0:00:02"]
[BlackClock "0:00:05"]

1. Nf3 Nf6 2. g3 g5 3. Nxg5 d5 4. Nf3 Nc6 5. d4 Bg4 6. Bg2 h5 7. h3 Bf5 8. Bf4 Qd7 9. Ne5 Qe6 10. Nc3 a6 11. e3 Bh6 12. Bxh6 Rxh6 13. Nd3 Bxd3 14. Qxd3 O-O-O 15. O-O-O Rg6 16. Bf3 Nb4 17. Qe2 Qb6 18. Bxh5 Nxh5 19. Qxh5 Rc6 20. a3 Rxc3 21. axb4 Rc4 22. c3 Qxb4 23. Kc2 Qa4+ 24. Kd2 Rd6 25. Ra1 Qb3 26. Rhb1 Rf6 27. Ke2 Qc2+ 28. Ke1 Qxf2+ 29. Kd1 Qxe3 30. Qg4+ e6 31. Kc2 Rb4 32. Rf1 Rf2+ 33. Rxf2 Qxf2+ 34. Kd3 Rxb2 35. Qd1 Qxg3+ 0-1


[Site "https://www.chess.com"]

[Event "Titled Tuesday Blitz January 17 Early 2023"]
[White "Kalajzic, Ivan"]
[Black "Csonka, Balazs"]
[WhiteFideId "14506378"]
[BlackFideId "742910"]
[WhiteElo "2062"]
[BlackElo "2496"]
[Result "0-1"]
[Round "01"]
[TimeControl "180+2"]
[Date "2023.01.17"]
[WhiteClock "0:00:30"]
[BlackClock "0:00:33"]

1. b3 d5 2. Bb2 Bg4 3. f3 Bf5 4. e4 dxe4 5. Qe2 Nf6 6. Qb5+ Bd7 7. Qxb7 Nc6 8. Bxf6 exf6 9. Bb5 Rb8 10. Qa6 Rxb5 11. Qxb5 Nd4 12. Qc4 Bb5 13. Qc3 Bb4 14. Qb2 exf3 15. gxf3 O-O 16. Kf2 Bc5 17. Kg2 Qd5 18. h4 Qf5 19. Nc3 Qg6+ 20. Kh2 Bd6+ 0-1


[Site "https://www.chess.com"]

[Event "Titled Tuesday Blitz January 17 Early 2023"]
[White "Lewtak, Damian"]
[Black "Mihailidis, Anastasios"]
[WhiteFideId "1141724"]
[BlackFideId "4205588"]
[WhiteElo "2381"]
[BlackElo "2208"]
[Result "1-0"]
[Round "01"]
[TimeControl "180+2"]
[Date "2023.01.17"]
[WhiteClock "0:00:10"]
[BlackClock "0:00:15"]

1. f4 d5 2. Nf3 c5 3. b3 Nf6 4. Bb2 e6 5. e3 Be7 6. Bb5+ Bd7 7. Bxd7+ Nbxd7 8. O-O O-O 9. d3 Qc7 10. Nbd2 Bd6 11. Qe2 e5 12. fxe5 Nxe5 13. Rae1 Rae8 14. e4 dxe4 15. dxe4 Neg4 16. h3 Bh2+ 17. Kh1 Nh5 18. hxg4 Ng3+ 19. Kxh2 Nxe2+ 20. Kh1 Ng3+ 21. Kg1 Nxf1 22. Kxf1 Re6 23. Kf2 Qf4 24. g5 Rg6 25. Nc4 Rxg5 26. Rg1 Qg3+ 27. Ke3 Rh5 28. Bc3 b5 29. Ne5 Re8 30. Be1 Rhxe5 31. Bxg3 Rxe4+ 32. Kd2 Re2+ 33. Kd1 a5 34. Be1 a4 35. Bd2 axb3 36. axb3 c4 37. bxc4 bxc4 38. Kc1 Rf2 39. Be1 Rfe2 40. Kb2 Rb8+ 41. Kc3 Re3+ 42. Kxc4 Rc8+ 43. Kd4 Re6 44. c3 Rd8+ 45. Kc4 Rc6+ 46. Kb3 Rd1 47. Bf2 Rd3 48. Bd4 f6 49. Kc2 Rxd4 50. Nxd4 Rd6 51. Kd3 Kf7 52. c4 Ra6 53. c5 Ra3+ 54. Kc4 Ke7 55. Kd5 Ra5 56. Nc6+ 1-0


[Site "https://www.chess.com"]

[Event "Titled Tuesday Blitz January 17 Early 2023"]
[White "Ovezdurdyyeva, Jemal"]
[Black "Gauri, Shankar"]
[WhiteFideId "14001888"]
[BlackFideId "5041350"]
[WhiteElo "2078"]
[BlackElo "2360"]
[Result "0-1"]
[Round "01"]
[TimeControl "180+2"]
[Date "2023.01.17"]
[WhiteClock "0:00:12"]
[BlackClock "0:00:07"]

1. e4 c5 2. Nf3 d6 3. d4 cxd4 4. Nxd4 Nf6 5. Nc3 a6 6. Bc4 e6 7. a4 Be7 8. O-O O-O 9. Qe2 Nc6 10. Be3 Bd7 11. Kh1 Nxe4 12. Nxe4 d5 13. Bd3 dxe4 14. Bxe4 Qc7 15. Rfd1 Rad8 16. Qh5 g6 17. Qf3 Nxd4 18. Bxd4 e5 19. Bc3 f5 20. Bxb7 Be6 21. Bxa6 e4 22. Qe3 g5 23. f3 Bd5 24. Rxd5 Rxd5 25. fxe4 f4 26. Qe2 Rc5 27. Rd1 Bf6 28. Bxf6 Rxf6 29. b3 Kg7 30. Bc4 Rd6 31. Re1 Re5 32. Qf2 Qe7 33. Qf3 Rd2 34. Bd3 Qb4 35. Qg4 Rxd3 36. Rf1 Rd6 37. h4 h6 38. Rxf4 Qe1+ 39. Kh2 Qxh4+ 40. Qxh4 gxh4 41. Rxh4 Rd4 0-1


[Site "https://www.chess.com"]